 Dungeon Crawl Stone Soup version 0.28.0-53-g5a82cb258f (webtiles) character file.

Game seed: 9608024649122068813

136 dbaker the Cudgeller (level 4, -1/67 HPs)
             Began as a Troll Berserker on June 7, 2022.
             Was a Believer of Trog.
             Slain by a gnoll
             ... wielding a +0 spear
              (6 damage)
             ... on level 3 of the Dungeon.
             The game lasted 00:13:43 (1823 turns).

dbaker the Cudgeller (Troll Berserker)              Turns: 1823, Time: 00:13:43

Health: -1/67      AC:  4    Str: 27    XL:     4   Next: 98%
Magic:  3/3        EV: 10    Int:  3    God:    Trog [**....]
Gold:   14         SH:  0    Dex:  9    Spells: 3/3 levels left

rFire   . . .      SeeInvis .   s - +0 flail
rCold   . . .      Faith    .   (no shield)
rNeg    . . .      Spirit   .   h - +0 robe
rPois   .          Reflect  .   (helmet restricted)
rElec   .          Harm     .   (no cloak)
rCorr   .          Rampage  .   (gloves unavailable)
Will    ++...                   (boots unavailable)
Stlth   ..........              (no amulet)
HPRegen 2.01/turn               (no ring)
MPRegen 0.08/turn               (no ring)

@: berserking, strong-willed, regenerating, very quick
A: large, unfitting armour, claws 3, regeneration 1, shaggy fur 1, tough skin 1
a: Renounce Religion, Berserk, Trog's Hand


You were on level 3 of the Dungeon.
You worshipped Trog.
Trog was pleased with you.
You visited 1 branch of the dungeon, and saw 3 of its levels.

You collected 14 gold pieces.

Inventory:

Hand Weapons
 a - a +0 mace
 j - a +0 dagger
 l - a +0 club
 s - a +0 flail (weapon)
Missiles
 e - 21 arrows
Armour
 b - a +0 animal skin
 g - a +0 ring mail
 h - a +0 robe (worn)
 r - a +0 chain mail
Jewellery
 o - a ring of ice
Scrolls
 i - 3 scrolls of amnesia {unknown}
 m - 2 scrolls of identify {unknown}
 n - a scroll of holy word {unknown}
 q - a scroll of immolation {unknown}
 t - a scroll of brand weapon {unknown}
Potions
 c - a potion of brilliance {unknown}
 d - 2 potions of mutation {unknown}
 f - a potion of invisibility {unknown}
 k - a potion of heal wounds {unknown}
 p - a potion of haste {unknown}


   Skills:
 + Level 3.0 Fighting
 + Level 3.9 Maces & Flails
 + Level 3.3 Dodging
 + Level 0.3 Stealth


You had 3 spell levels left.
You didn't know any spells.
Your spell library contained the following spells:

 Spells                   Type           Power      Damage    Failure   Level
 Freeze                   Ice            0%         1d3       52%         1
 Blink                    Tloc           0%         N/A       67%         2
 Manifold Assault         Tloc           0%         N/A       100%        5
 Storm Form               Tmut/Air       0%         N/A       100%        7


Dungeon Overview and Level Annotations

Branches:
Dungeon (3/15)

Altars:


Innate Abilities, Weirdness & Mutations

You are too large for most types of armour.
You have claws for hands.
Your natural rate of healing is unusually fast.
You are covered in fur. (AC +1)
You have tough skin. (AC +1)


Message History

The gnoll barely misses you. The gnoll misses you.
The gnoll hits you but does no damage.
You sock the gnoll!
You kill the gnoll!
Trog accepts your kill.
The gnoll hits you from afar with a +0 spear!
The gnoll hits you from afar with a +0 spear.
Your Fighting skill increases to level 3!
The gnoll hits you from afar with a +0 spear. x2
* * * LOW HITPOINT WARNING * * *
You see here a +0 club.
The gnoll barely misses you. The gnoll hits you with a +0 spear!
* * * LOW HITPOINT WARNING * * *
You see here 2 smoky white potions.
Your skin crawls.
You feel strong-willed. The gnoll closely misses you.
The gnoll hits you with a +0 spear.
* * * LOW HITPOINT WARNING * * *
A red film seems to cover your vision as you go berserk!
You feel yourself moving faster!
You feel mighty! The gnoll hits you with a +0 spear.
* * * LOW HITPOINT WARNING * * *
The gnoll barely misses you.
You sock the gnoll!
You kill the gnoll!
Trog accepts your kill. The gnoll hits you with a +0 spear!
* * * LOW HITPOINT WARNING * * *
The gnoll hits you with a +0 spear.
* * * LOW HITPOINT WARNING * * *
You see here a +0 spear.
Okay, then.
You barely miss the gnoll. You thump the gnoll!
The gnoll is almost dead.
The gnoll barely misses you.
You barely miss the gnoll.
The gnoll is almost dead.
The gnoll hits you with a +0 spear.
You die...

...............
....#.#...####.
### #.....# #
#.#...#
#.#.....#
#.#.##.###
#........#
###.##.#.#
#.@!)#.# #.g###
# ......
.....###.
...... .#
...... # .....
.....


You could see a gnoll.

Vanquished Creatures
  An orc wizard (D:3)
  3 adders (D:2)
  3 gnolls
  3 dart slugs
  3 orcs (D:3)
  4 ball pythons
  4 bats
  3 endoplasms
  2 giant cockroaches
  5 hobgoblins
  2 jackals (D:2)
  3 kobolds
  2 quokkas (D:1)
  4 frilled lizards
  3 goblins (D:1)
  A rat (D:2)
46 creatures vanquished.

Vanquished Creatures (others)
  3 fungi (D:1)
3 creatures vanquished.

Grand Total: 49 creatures vanquished

Notes
Turn   | Place    | Note
-------+----------+-------------------------------------------
     0 | D:1      | dbaker the Troll Berserker began the quest for the Orb.
     0 | D:1      | Reached XP level 1. HP: 22/22 MP: 0/0
   291 | D:1      | Reached XP level 2. HP: 29/29 MP: 1/1
   356 | D:1      | Found a faded altar of an unknown god.
   372 | D:1      | Got Plato's Handbook of the Frostbite
   611 | D:1      | Reached ** piety under Trog
   612 | D:1      | Reached XP level 3. HP: 29/36 MP: 2/2
   907 | D:2      | Reached XP level 4. HP: 41/44 MP: 3/3
  1819 | D:3      | HP: 2/67 [gnoll/+0 spear (7)]
  1823 | D:3      | Slain by a gnoll

Illustrated notes

Levels and vault maps discovered:
D:1:      heliophobic_arrival_henge, layout_basic,
          shapermc_ecumenical_altar_rom_forum
D:2:      layout_rooms
D:3:      layout_basic

Skill      XL: |  1  2  3  4 |
---------------+-------------+-----
Maces & Flails | 3 |  3.9
Dodging        | 3 |  3.3
Fighting       | 3 |  3.0
Stealth        | |  0.3

Action                   |  1- 3 |  4- 6 || total
-------------------------+-------+-------++-------
Melee: Mace              |   101 |    30 ||   131
       Flail             |       |     9 ||     9
Invok: Berserk           |     1 |     2 ||     3
       Trog's Hand       |       |     1 ||     1
Armor: Animal skin       |    13 |       ||    13
       Robe              |    50 |    11 ||    61
Dodge: Dodged            |    99 |    33 ||   132
